 Dungeon Crawl Stone Soup version 0.24-a0-459-g225fefd530 (webtiles) character file.

Game seed: 7967684138577748976

1885 CakeEater the Geomancer (level 9, -10/48 HPs)
             Began as a Gargoyle Earth Elementalist on June 28, 2019.
             Was an Initiate of Vehumet.
             Killed from afar by Dowan (28 damage)
             ... with a shard of ice
             ... on level 6 of the Dungeon.
             The game lasted 00:13:37 (5292 turns).

CakeEater the Geomancer (GrEE)                      Turns: 5292, Time: 00:13:37

Health: -10/48     AC: 10    Str: 19    XL:     9   Next: 14%
Magic:  6/17       EV: 18    Int: 23    God:    Vehumet [......]
Gold:   184        SH:  0    Dex: 18    Spells: 10/19 levels left

rFire    . . .     SeeInvis +   y - +10 rapier "Cookie Cutter" {pain, Dex+3 Stlth+}
rCold    . . .     Gourm    .   (no shield)
rNeg     + . .     Faith    .   c - +0 robe
rPois    ∞         Spirit   .   k - +0 helmet
rElec    +         Reflect  .   (no cloak)
rCorr    .         Harm     .   (no gloves)
MR       .....                  i - +0 pair of boots
Stlth    ++++......             j - amulet of the acrobat
HPRegen  0.16/turn              n - ring of Cowardice {rPois Int+4 SInv}
MPRegen  0.15/turn              (no ring)

@: mighty, agile, very slightly contaminated
A: negative energy resistance 1, electricity resistance, strong 1, wild magic 1,
unbreathing, petrification resistance, rot immunity, AC +6
a: Renounce Religion


You were on level 6 of the Dungeon.
You worshipped Vehumet.
Vehumet was noncommittal.
You were hungry.

You visited 2 branches of the dungeon, and saw 7 of its levels.

You collected 184 gold pieces.

Inventory:

Hand Weapons
 a - a +0 whip
 o - a +0 mace
 y - the +10 rapier "Cookie Cutter" (weapon) {pain, Dex+3 Stlth+}
   (You found it on level 5 of the Dungeon)

   In the hands of one skilled in necromantic magic, it inflicts extra damage on
   living creatures.
   It affects your dexterity (+3).
   It makes you more stealthy.
Missiles
 b - 105 stones (quivered)
Armour
 c - a +0 robe (worn)
 i - a +0 pair of boots (worn)
 k - a +0 helmet (worn)
Jewellery
 j - an amulet of the acrobat (around neck)
 n - the ring of Cowardice (left hand) {rPois Int+4 SInv}
   (You found it on level 5 of the Dungeon)

   [ring of poison resistance]

   It affects your intelligence (+4).
   It protects you from poison.
   It lets you see invisible.
 p - an uncursed amulet of faith {unknown}
 t - an uncursed amulet of faith {unknown}
Wands
 g - a wand of flame (15)
Scrolls
 e - 4 scrolls of teleportation
 f - 5 scrolls of remove curse
 h - 3 scrolls of fog
 l - a scroll of amnesia
 x - a scroll of blinking {unknown}
Potions
 m - a potion of lignification
 q - a potion of mutation
 s - a potion of brilliance {unknown}
 u - 2 potions of curing {unknown}
 v - a potion of heal wounds
Comestibles
 d - 16 rations


   Skills:
 + Level 2.2 Fighting
 + Level 2.1 Maces & Flails
 + Level 2.2 Armour
 + Level 2.4 Dodging
 - Level 2.1 Stealth
 + Level 5.8 Spellcasting
 + Level 6.0 Conjurations
   Level 0.7 Transmutations
 + Level 8.1 Earth Magic
 + Level 1.8 Evocations


You had 10 spell levels left.
You knew the following spells:

 Your Spells              Type           Power        Failure   Level  Hunger
a - Sandblast             Erth           ######       1%          1    None
b - Stone Arrow           Conj/Erth      ######       2%          3    #......
c - Lee's Rapid Deconstr  Erth           ######....   13%         5    #####..

Your spell library contained the following spells:

 Spells                   Type           Power        Failure   Level  Hunger
 Passwall                 Tmut/Erth      #####...     4%          2    None
 Petrify                  Tmut/Erth      #####...     21%         4    ###....


Dungeon Overview and Level Annotations

Branches:
Dungeon (6/15)             Temple (1/1) D:5

Altars:
Ashenzari
Dithmenos
Elyvilon
Gozag
Kikubaaqudgha
Nemelex Xobeh
Okawaru
Qazlal
Ru
Sif Muna
Trog
Vehumet
Wu Jian
Xom
Yredelemnul
The Shining One

Annotations:
D:6 Dowan


Innate Abilities, Weirdness & Mutations

You are resistant to torment.
Your stone body is resilient. (AC +6)
You are immune to poison.
You resist negative energy. (rN+)
You are resistant to electric shocks. (rElec)
You can survive without breathing.
You are immune to petrification.
You are immune to rotting.
Your muscles are strong. (Str +2)
Your spells are a little harder to cast, but a little more powerful.


Message History

Press: ? - help, Dir - move target cursor A rock wall.
The wall shatters!
The blast of rock fragments hits the centaur!!
You kill the centaur!
Vehumet accepts your kill.
Your Fighting skill increases to level 2!
Your Maces & Flails skill increases to level 2!
Your Conjurations skill increases to level 6!
The blast of rock fragments hits Duvessa!!
You kill Duvessa!
Vehumet accepts your kill.
Dowan seems overcome with grief, but rights himself reflexively soon after.
Dowan seems to find hidden reserves of power!
The blast of rock fragments hits the centaur.
The centaur is moderately wounded.
Dowan points at you and mumbles some strange words.
The shard of ice hits you!!
Ouch! That really hurt!
You die...

.. ....#.#
...####.....#
....e.......#
......e.....#
.....a..o...##..
.....e))c.......
########)######
#.# #@# ##.##
+#...#+
####.....######
...............
#.....(.....###
##.........##
...# ##.......##
...# +.......+


You could see Dowan, a centaur and an orc.

Vanquished Creatures
  Duvessa (D:6)
  An ice beast (D:6)
  A black bear (D:6)
  A phantom (D:4)
  A sky beast (D:5)
  6 ogres
  A centaur (D:6)
  A bullfrog (D:6)
  2 howler monkeys
  4 hounds
  3 orc priests
  Ijyb (D:3)
  3 orc wizards
  7 worker ants
  A hound zombie (D:6)
  A hound skeleton (D:5)
  A howler monkey skeleton (D:5)
  6 adders
  A shadow imp (D:5)
  3 oozes
  An adder skeleton (D:5)
  An adder zombie (D:5)
  3 worms
  2 dart slugs
  4 leopard geckos
  12 orcs
  2 ball pythons
  5 giant cockroaches
  3 goblins
  4 hobgoblins
  14 jackals
  2 quokkas
  3 bats
  5 frilled lizards
  10 kobolds
  A leopard gecko skeleton (D:5)
  3 rats
121 creatures vanquished.

Notes
Turn   | Place    | Note
-------+----------+-------------------------------------------
     0 | D:1      | CakeEater the Gargoyle Earth Elementalist began the quest
                  | for the Orb.
     0 | D:1      | Reached XP level 1. HP: 10/10 MP: 3/3
   273 | D:1      | Reached skill level 4 in Earth Magic
   273 | D:1      | Reached XP level 2. HP: 15/15 MP: 5/5
   550 | D:1      | Reached XP level 3. HP: 18/19 MP: 4/6
   555 | D:1      | Learned a level 3 spell: Stone Arrow
   608 | D:1      | You fall into a shaft and drop 1 floor!
  1290 | D:2      | Found a shattered altar of Ashenzari.
  1712 | D:3      | Noticed Ijyb
  1732 | D:3      | Gained mutation: Your muscles are strong. (Str +2) [potion
                  | of mutation]
  1732 | D:3      | Gained mutation: Your spells are a little harder to cast,
                  | but a little more powerful. [potion of mutation]
  1758 | D:3      | Killed Ijyb
  1758 | D:3      | Reached skill level 1 in Conjurations
  1758 | D:3      | Reached XP level 4. HP: 24/24 MP: 1/8
  1986 | D:3      | Reached skill level 5 in Earth Magic
  2023 | D:3      | Reached XP level 5. HP: 16/28 MP: 8/10
  2374 | D:3      | Learned a level 5 spell: Lee's Rapid Deconstruction
  2509 | D:3      | Found a glowing golden altar of the Shining One.
  2979 | D:4      | Noticed an ogre
  2982 | D:4      | Killed an ogre
  2982 | D:4      | Reached XP level 6. HP: 32/32 MP: 6/11
  3110 | D:4      | Noticed a phantom
  3115 | D:4      | Killed a phantom
  3115 | D:4      | Reached skill level 6 in Earth Magic
  3275 | D:4      | Reached XP level 7. HP: 30/36 MP: 5/13
  3788 | D:4      | Found a sparkling altar of Nemelex Xobeh.
  4045 | D:5      | Entered Level 5 of the Dungeon
  4050 | D:5      | Got a heavily runed platinum ring
  4051 | D:5      | Identified the ring of Cowardice {rPois Int+4 SInv} (You
                  | found it on level 5 of the Dungeon)
  4301 | D:5      | Reached skill level 5 in Spellcasting
  4301 | D:5      | Reached skill level 7 in Earth Magic
  4515 | D:5      | Reached XP level 8. HP: 41/41 MP: 15/15
  4520 | D:5      | Reached skill level 5 in Conjurations
  4720 | D:5      | Got a translucent rapier
  4722 | D:5      | Identified the +10 rapier "Cookie Cutter" {pain, Dex+3
                  | Stlth+} (You found it on level 5 of the Dungeon)
  4735 | D:5      | Identified the +2 plate armour of Shielding {rPois Regen+
                  | Int+7 SInv}
  4800 | D:5      | Found a staircase to the Ecumenical Temple.
  4813 | Temple   | Entered the Ecumenical Temple
  4861 | Temple   | Became a worshipper of Vehumet
  5119 | D:6      | Reached skill level 1 in Maces & Flails
  5119 | D:6      | Reached skill level 1 in Fighting
  5119 | D:6      | Reached skill level 1 in Armour
  5119 | D:6      | Reached skill level 1 in Evocations
  5283 | D:6      | Noticed Duvessa
  5285 | D:6      | Noticed Dowan
  5291 | D:6      | Reached skill level 8 in Earth Magic
  5291 | D:6      | Reached XP level 9. HP: 18/48 MP: 10/17
  5292 | D:6      | Killed Duvessa
  5292 | D:6      | Killed from afar by Dowan

Levels and vault maps discovered:
D:1:      minmay_arrival_radiant_lines, layout_rooms
D:2:      layout_loops_ring, ashenzari_altar_1, first_ration
D:3:      layout_basic, tso_metal_star, uniq_ijyb
D:4:      layout_loops_ring, roderic_cross_of_infinity,
          nemelex_diamond_rough_becter
D:5:      layout_cave_pods, minmay_temple_entry_proselytizer, minmay_circle_x
D:6:      layout_basic, serial_shops, shop, minmay_pentangle, uniq_sigmund,
          uniq_duvessa
Temple:   compressed_dpeg_triangle_lava_temple

Skill      XL: |  1  2  3  4  5  6  7  8  9 |
---------------+----------------------------+-----
Earth Magic    | 4 5 6 7 8 |  8.1
Spellcasting   | 3 4 5 |  5.8
Conjurations   | 1 2 3 4 5 6 |  6.0
Maces & Flails | 1 2 |  2.1
Fighting       | 1 2 |  2.2
Armour         | 2 |  2.2
Dodging        | 2 |  2.4
Evocations     | 1 |  1.8
Stealth        | |  2.1
Transmutations | |  0.7

Action                   |  1- 3 |  4- 6 |  7- 9 || total
-------------------------+-------+-------+-------++-------
Melee: Whip              |   157 |   117 |   153 ||   427
       Rapier            |       |       |    42 ||    42
 Cast: Sandblast         |    15 |    25 |    17 ||    57
       Stone Arrow       |       |     3 |     3 ||     6
       Lee's Rapid Decon |       |       |     8 ||     8
  Use: Potion            |     6 |     1 |     2 ||     9
       Scroll            |     5 |     3 |     1 ||     9
 Stab: Sleeping          |     3 |     3 |     2 ||     8
  Eat: Chunk             |     1 |     4 |     9 ||    14
       Ration            |     1 |       |       ||     1
Armor: Robe              |    54 |    40 |    87 ||   181
       Skin              |    19 |       |       ||    19
Dodge: Dodged            |   102 |   113 |   174 ||   389

Table legend:
 A = Non-vault XP
 B = Vault XP
 C = Vault XP percentage of total XP
 D = Non-vault monster count
 E = Vault monster count
 F = Vault count percentage of total count
                 A         B        C        D         E       F
            +---------+---------+-------+---------+---------+-------
      Total |    2421 |     272 |  10.1 |     116 |       5 |   4.1
            +---------+---------+-------+---------+---------+-------
        D:1 |      40 |       0 |   0.0 |      20 |       0 |   0.0
        D:2 |      22 |       0 |   0.0 |       7 |       0 |   0.0
        D:3 |     186 |      36 |  16.2 |      29 |       1 |   3.3
        D:4 |     662 |       0 |   0.0 |      21 |       0 |   0.0
        D:5 |     569 |      98 |  14.7 |      22 |       3 |  12.0
        D:6 |     942 |     138 |  12.8 |      17 |       1 |   5.6
            +---------+---------+-------+---------+---------+-------
